 Dungeon Crawl Stone Soup version 0.29-a0-553-g81b289dbe5 (webtiles) character file.

Game seed: 18392224429666707995

1444 KristoblXynda the Carver (level 8, -1/70 HPs)
             Began as a Purple Draconian Gladiator on June 6, 2022.
             Was a Follower of Okawaru.
             Slain by a seven-headed hydra (8 damage)
             ... on level 6 of the Dungeon.
             The game lasted 00:06:43 (4790 turns).

KristoblXynda the Carver (DrGl)                     Turns: 4790, Time: 00:06:44

Health: -1/70      AC:  9    Str: 15 (18) XL:     8   Next: 46%
Magic:  8/8        EV: 13    Int:  6 (9)  God:    Okawaru [*.....]
Gold:   131        SH:  0    Dex: 10 (13) Spells: 7/7 levels left

rFire   + . .      SeeInvis .   a - +1 long sword
rCold   . . .      Faith    .   (no shield)
rNeg    . . .      Spirit   .   (body armour unavailable)
rPois   +          Reflect  .   b - +1 hat
rElec   .          Harm     .   A - scarf {repulsion}
rCorr   .          Rampage  .   f - +0 pair of gloves
Will    +....                   t - +0 pair of boots
Stlth   +.........              e - amulet of regeneration
HPRegen 1.01/turn               h - ring of poison resistance
MPRegen 0.11/turn               m - ring of protection from fire

@: on berserk cooldown, slowed, repel missiles, very slow
A: breathe power, AC +6, unfitting armour, cold-blooded
a: Breathe Dispelling Energy, Renounce Religion, Heroism


You were on level 6 of the Dungeon.
You worshipped Okawaru.
Okawaru was aware of your devotion.
You visited 2 branches of the dungeon, and saw 7 of its levels.
You also visited: Ossuary.

You collected 299 gold pieces.
You spent 168 gold pieces at shops.

Inventory:

Hand Weapons
 a - a +1 long sword (weapon)
Missiles
 c - 4 throwing nets (quivered)
 d - a javelin
Armour
 b - a +1 hat (worn)
 f - a +0 pair of gloves (worn)
 p - the +0 buckler "Neoqimiw" {-Cast Rampage Regen+ Dex+8}
   (You found it on level 2 of the Dungeon)

   Dex:       It affects your dexterity (+8).
   -Cast:     It prevents spellcasting.
   Regen:     It increases your rate of health regeneration.
   Rampage:   It bestows one free step when moving towards enemies.
 t - a +0 pair of boots (worn)
 A - a scarf of repulsion (worn)
Jewellery
 e - an amulet of regeneration (around neck)
 g - a ring of magical power
 h - a ring of poison resistance (left hand)
 j - an amulet of guardian spirit
 m - a ring of protection from fire (right hand)
Wands
 z - a wand of iceblast (30)
Scrolls
 r - a scroll of magic mapping
 u - a scroll of enchant armour
 y - a scroll of noise {unknown}
 C - a scroll of identify
Potions
 i - 2 potions of lignification
 k - a potion of might {unknown}
 l - 2 potions of invisibility
 n - a potion of berserk rage
 o - a potion of resistance
 s - 4 potions of ambrosia
 v - 3 potions of degeneration
 w - 4 potions of brilliance
 x - a potion of haste {unknown}
 B - a potion of cancellation {unknown}
 D - a potion of heal wounds {unknown}
 E - 2 potions of curing {unknown}


   Skills:
 + Level 6.1 Fighting
 * Level 8.0 Long Blades
 - Level 2.0 Throwing
 + Level 5.4 Dodging


You had 7 spell levels left.
You didn't know any spells.
Your spell library contained the following spells:

 Spells                   Type           Power      Damage    Failure   Level
 Apportation              Tloc           0%         N/A       45%         1
 Freeze                   Ice            0%         1d3       45%         1
 Necrotize                Necr           0%         1d4       45%         1
 Blink                    Tloc           0%         N/A       58%         2
 Frozen Ramparts          Ice            0%         1d2       83%         3
 Lesser Beckoning         Tloc           0%         N/A       83%         3
 Hailstorm                Conj/Ice       0%         3d3       99%         4
 Manifold Assault         Tloc           0%         N/A       100%        5
 Summon Small Mammal      Summ           Unusable   N/A       N/A         1

Dungeon Overview and Level Annotations

Branches:
Dungeon (6/15)             Temple (1/1) D:4         Ossuary (visited)

Altars:
Ashenzari
Cheibriados
Elyvilon
Fedhas
Hepliaklqana
Kikubaaqudgha
Makhleb
Okawaru
Qazlal
Ru
Trog
Uskayaw
Vehumet
Wu Jian
Xom
Zin
The Shining One

Shops:
D:4 *

Annotations:
D:5 2 transporters


Innate Abilities, Weirdness & Mutations

You can breathe bolts of dispelling energy.
Your rich purple scales are hard. (AC +6)
You cannot fit into any form of body armour.
You are cold-blooded and may be slowed by cold attacks.


Message History

You feel aware of your surroundings.
It was a scroll of magic mapping.
The seven-headed hydra bites you but does no damage.
The seven-headed hydra misses you.
The seven-headed hydra closely misses you.
The seven-headed hydra barely misses you.
The seven-headed hydra closely misses you.
The seven-headed hydra bites you. x2
Unknown command.
As you read the scroll labelled TUAHIO GURUH, it crumbles to dust.
It is a scroll of enchant armour.
Your +0 hat glows green for a moment.
The seven-headed hydra bites you!
The seven-headed hydra bites you but does no damage.
The seven-headed hydra misses you. The seven-headed hydra bites you!
* * * LOW HITPOINT WARNING * * *
The seven-headed hydra bites you!
* * * LOW HITPOINT WARNING * * *
The seven-headed hydra closely misses you.
The seven-headed hydra misses you.
A red film seems to cover your vision as you go berserk!
You feel yourself moving faster!
You feel mighty! The seven-headed hydra misses you.
The seven-headed hydra barely misses you.
The seven-headed hydra closely misses you.
The seven-headed hydra misses you.
The seven-headed hydra barely misses you.
The seven-headed hydra bites you but does no damage.
The seven-headed hydra barely misses you.
Unknown command.
You feel a strong urge to attack something.
You feel your anger nearly subside.
You are no longer berserk.
You are exhausted.
You feel yourself slow down.
Okay, then.
It was a potion of degeneration.
There was something very wrong with that liquid.
You feel weakened.
You feel dopey.
You feel clumsy.
The seven-headed hydra barely misses you.
The seven-headed hydra bites you!
You die...

.'...............#......<',,,#...
.##'#####...##.###.......#####...
.......##...####................#
.......#.......#................+
.......#.......#................#
.......#.......#................#
.......#.##.<..#................#
...#+###.##....###########'#.....
...#[.....#.....@D.........#.....
...#......#................#.....
...#......#................#.....
...#......#................+.....
...#......#................#.....
...##'#######+#######'##...#.....
.........#*,,,**#.....#*,..#.....
.........#,,,,,#......#*,,,#.....
###......#,,,,,#.######****###...


You could see a seven-headed hydra.

Vanquished Creatures
  An ice beast (D:6)
  2 ogres (D:5)
  A centaur (D:5)
  A phantom (D:5)
  2 elf zombies (Ossuary)
  A kobold brigand (D:4)
  A bullfrog (D:6)
  5 scorpions
  A howler monkey (D:6)
  A hound (D:5)
  An orc priest (D:5)
  2 jellies
  A gnoll shaman (D:5)
  A human zombie (Ossuary)
  An iguana (D:5)
  4 mummies (Ossuary)
  3 gnolls (D:5)
  3 adders
  A shadow imp (D:5)
  2 white imps (D:6)
  3 ufetubi
  An adder zombie (Ossuary)
  A worm (D:2)
  2 dart slugs
  10 orcs
  7 ball pythons
  7 endoplasms
  4 giant cockroaches
  2 gnoll zombies (Ossuary)
  8 goblins
  5 hobgoblins
  3 jackals (D:1)
  5 kobolds
  2 quokkas
  7 bats
  6 frilled lizards
  3 goblin zombies
  A hobgoblin zombie (Ossuary)
  A kobold zombie (Ossuary)
  2 orc zombies (Ossuary)
  A rat (D:1)
  A rat zombie (D:4)
117 creatures vanquished.

Notes
Turn   | Place    | Note
-------+----------+-------------------------------------------
     0 | D:1      | KristoblXynda the Draconian Gladiator began the quest for
                  | the Orb.
     0 | D:1      | Reached XP level 1. HP: 17/17 MP: 1/1
   467 | D:1      | Reached XP level 2. HP: 25/25 MP: 2/2
  1101 | D:2      | Identified the +0 buckler "Neoqimiw" {-Cast Rampage Regen+
                  | Dex+8}
  1214 | D:2      | Found a faded altar of an unknown god.
  1242 | D:2      | Reached XP level 3. HP: 27/30 MP: 3/3
  1719 | D:3      | Found a blossoming altar of Fedhas.
  1753 | D:3      | Found an ancient bone altar of Kikubaaqudgha.
  1820 | D:3      | Found a bloodstained altar of Trog.
  1879 | D:3      | Reached XP level 4. HP: 38/38 MP: 4/4
  1935 | D:3      | Reached skill level 4 in Long Blades
  2138 | D:3      | You fall into a shaft and drop 1 floor!
  2251 | D:4      | Found a sand-covered staircase.
  2251 | D:4      | Noticed a kobold brigand
  2267 | D:4      | Killed a kobold brigand
  2268 | D:4      | Reached XP level 5. HP: 35/45 MP: 5/5
  2283 | Ossuary  | Entered an ossuary
  2366 | Ossuary  | Reached skill level 5 in Long Blades
  2366 | Ossuary  | Reached XP level 6. HP: 41/52 MP: 6/6
  2778 | D:4      | Found Pageg's Neck Hole.
  2786 | D:4      | Bought a scarf of repulsion for 168 gold pieces
  2971 | D:4      | Found a staircase to the Ecumenical Temple.
  2992 | Temple   | Entered the Ecumenical Temple
  3119 | D:5      | Entered Level 5 of the Dungeon
  3161 | D:5      | Found an iron altar of Okawaru.
  3192 | D:5      | Your scales start taking on a rich purple colour.
  3192 | D:5      | Reached XP level 7. HP: 51/60 MP: 7/7
  3196 | D:5      | Reached skill level 6 in Long Blades
  3469 | D:5      | Became a worshipper of Warmaster Okawaru
  3557 | D:5      | Found a sacrificial altar of Ru.
  3557 | D:5      | Found an ornate altar of the Wu Jian Council.
  3666 | D:5      | Reached skill level 5 in Fighting
  3754 | D:5      | Noticed a yak
  3770 | D:5      | Reached skill level 7 in Long Blades
  3877 | D:5      | Reached skill level 5 in Dodging
  3917 | D:5      | Reached * piety under Okawaru
  3918 | D:5      | Reached XP level 8. HP: 19/69 MP: 8/8
  4150 | D:5      | Found a transporter.
  4152 | D:5      | Found a transporter.
  4156 | D:5      | Found a broken altar of Ashenzari.
  4440 | D:6      | Found a snail-covered altar of Cheibriados.
  4645 | D:6      | Noticed a six-headed hydra
  4724 | D:6      | Reached skill level 8 in Long Blades
  4783 | D:6      | HP: 2/70 [seven-headed hydra (14)]
  4790 | D:6      | Slain by a seven-headed hydra

Illustrated notes

Levels and vault maps discovered:
D:1:      denvon_arrival_planthouse, layout_loops_ring
D:2:      layout_rooms, shapermc_ecumenical_altar_notcrosses
D:3:      layout_basic, kiku_gazebo_pond_becter, lemuel_tele_altar,
          lemuel_crystal_altar, minivault_4, hangedman_decor_lopped,
          grunt_ministairs_11, st_stairs_7, minmay_ruptured
D:4:      layout_rooms, minmay_temple_entry_hall, enter_ossuary_4,
          nicolae_shop_sticking_my_neck_out
D:5:      layout_basic, gammafunk_temple_overflow_arena, okawaru_trees_1,
          amethyst_overflow_temple_binary, patterned_corridor
D:6:      layout_gridville, nicolae_overflow_hidden_temple, lightli_orcish_oven
Temple:   dpeg_three_leaves_temple

Skill      XL: |  1  2  3  4  5  6  7  8 |
---------------+-------------------------+-----
Throwing       | 2 |  2.0
Dodging        | 3 4 5 |  5.4
Fighting       | 3 4 5 6 |  6.1
Long Blades    | 4 5 7 8 |  8.0

Action                   |  1- 3 |  4- 6 |  7- 9 || total
-------------------------+-------+-------+-------++-------
Melee: Long sword        |   155 |   221 |   137 ||   513
       Tailslap          |    18 |    29 |    26 ||    73
       Punch             |     1 |     3 |       ||     4
Throw: Throwing net      |       |       |     2 ||     2
 Abil: Breathe Dispellin |       |       |     4 ||     4
  Use: Scroll            |       |    12 |     3 ||    15
       Potion            |       |       |     2 ||     2
 Stab: Sleeping          |       |     4 |       ||     4
       Held in net/web   |       |       |     2 ||     2
Armor: Skin              |    58 |    47 |    52 ||   157
Dodge: Dodged            |   156 |   118 |   118 ||   392

Table legend: (Time is in decaauts)
 A = Elapsed time spent in this place.
 B = Non-inter-level travel time spent in this place.
 C = Inter-level travel time spent in this place.
 D = Time resting spent in this place.
 E = Time spent auto-exploring this place.
 F = Levels seen in this place.
 G = Mean time per level.
                   A        B        C        D        E       F      G
               +--------+--------+--------+--------+--------+-----+--------+
         Total |   4876 |   4760 |    116 |    913 |   2582 |   8 |  609.5 |
       Dungeon |   4371 |   4255 |    116 |    813 |   2425 |   6 |  728.5 |
        Temple |    101 |    101 |      0 |      0 |     58 |   1 |  101.0 |
       Ossuary |    403 |    403 |      0 |    100 |     99 |   1 |  403.0 |
               +--------+--------+--------+--------+--------+-----+--------+

Top non-repeatable levels by time:
     D:1: 1104 daAuts
     D:5: 1087 daAuts
     D:6: 593 daAuts
     D:3: 540 daAuts
     D:2: 540 daAuts
     D:4: 505 daAuts
 Ossuary: 403 daAuts
  Temple: 101 daAuts
